 Dungeon Crawl Stone Soup version 0.21.1-1-g345015fe64 (webtiles) character file.

43 Bergy the Cudgeler (level 3, -1/27 HPs)
             Began as a Demonspawn Gladiator on July 21, 2018.
             Slain by a goblin (4 damage)
             ... led by Robin
             ... on level 2 of the Dungeon.
             The game lasted 00:07:09 (1468 turns).

Bergy the Cudgeler (Demonspawn Gladiator)           Turns: 1468, Time: 00:07:10

Health: -1/27      AC:  5    Str: 15    XL:     3   Next: 37%
Magic:  3/3        EV: 12    Int: 11    God:
Gold:   98         SH:  0    Dex: 14    Spells: 2/2 levels left

rFire    . . .     SeeInvis .   a - +0 flail
rCold    . . .     Gourm    .   (no shield)
rNeg     . . .     Faith    .   k - +0 ring mail
rPois    .         Spirit   .   (helmet restricted)
rElec    .         Reflect  .   (no cloak)
rCorr    .         Harm     .   (no gloves)
MR       .....                  (no boots)
Stlth    +.........             (no amulet)
HPRegen  0.09/turn              (no ring)
MPRegen  0.08/turn              (no ring)

@: flying, hasted, very quick
A: horns 1, talons 1, clever 1, rot immunity
a: no special abilities


You were on level 2 of the Dungeon.
You were not hungry.

You visited 1 branch of the dungeon, and saw 2 of its levels.

You collected 98 gold pieces.

Inventory:

Hand Weapons
 a - a +0 flail (weapon)
Missiles
 d - 3 throwing nets (quivered)
 e - 7 silver javelins
Armour
 c - a +0 helmet
 k - a +0 ring mail (worn)
Jewellery
 i - a +5 ring of protection {unknown}
 p - a +1 ring of slaying {unknown}
Scrolls
 b - a scroll of amnesia {unknown}
 h - 3 scrolls of identify {unknown}
 j - a scroll of immolation {unknown}
 l - 2 scrolls of magic mapping {unknown}
Potions
 o - a potion of flight
Comestibles
 f - 4 rations
 n - a chunk of flesh


   Skills:
 + Level 2.1 Fighting
 + Level 3.4 Maces & Flails
 + Level 1.9 Throwing
 + Level 0.9 Armour
 + Level 3.0 Dodging
 - Level 0.1 Stealth


You had 2 spell levels left.
You didn't know any spells.

Dungeon Overview and Level Annotations

Branches:
Dungeon (2/15)

Altars:
Zin

Annotations:
D:2 Robin


Innate Abilities, Weirdness & Mutations

You have a pair of small horns on your head.
You are immune to rotting.
You have sharp toenails.
Your mind is acute. (Int +2)


Message History

A goblin comes into view. It is wielding a club.
The goblin shouts!
Robin barely misses you. Robin closely misses you.
The goblin no longer looks unusually strong. x2
The hobgoblin no longer looks unusually strong.
Robin roars a battlecry!
The goblins go into a battle-frenzy!
You hear an angry hiss.
Robin throws the goblin at you!
* * * LOW HITPOINT WARNING * * *
The goblin barely misses you. The goblin completely misses you.
The hobgoblin no longer looks unusually strong.
Robin throws the goblin at you!
* * * LOW HITPOINT WARNING * * *
The goblin hits you but does no damage. The hobgoblin misses you.
The goblin hits you.
You die...

########
#.g....#
#.gg...#
#.gg(..#
#@..gg.#
#......#
#......#
#......##
#.......#
#..._.(.####
####.##....#
#..##...#
##.##...#


You could see Robin, 3 hobgoblins and 3 goblins.

Vanquished Creatures
  2 dart slugs (D:2)
  A leopard gecko (D:2)
  3 giant cockroaches
  6 goblins
  7 hobgoblins
  4 bats
  3 frilled lizards
  A kobold (D:2)
  11 rats
38 creatures vanquished.

Notes
Turn   | Place    | Note
-------+----------+-------------------------------------------
     0 | D:1      | Bergy the Demonspawn Gladiator began the quest for the Orb.
     0 | D:1      | Reached XP level 1. HP: 16/16 MP: 1/1
   284 | D:1      | Gained mutation: You are immune to rotting. [demonic ancestry]
   284 | D:1      | Reached XP level 2. HP: 19/22 MP: 2/2
  1133 | D:2      | Gained mutation: You have a pair of small horns on your head. [demonic ancestry]
  1133 | D:2      | Reached XP level 3. HP: 27/27 MP: 3/3
  1197 | D:2      | Noticed Robin
  1332 | D:2      | Found a glowing silver altar of Zin.
  1440 | D:2      | Gained mutation: Your mind is acute. (Int +2) [potion of mutation]
  1440 | D:2      | Gained mutation: You have sharp toenails. [potion of mutation]
  1468 | D:2      | Slain by a goblin

Skill      XL: |  1  2 |
---------------+-------+-----
Maces & Flails | 3 |  3.4
Dodging        | 3 |  3.0
Fighting       | |  2.1
Throwing       | |  1.9
Armour         | |  0.9
Stealth        | |  0.1

Action                   || total
-------------------------++-------
Melee: Flail             ||    98
       Headbutt          ||     3
  Use: Potion            ||     3
  Eat: Chunk             ||     2
Armor: Leather armour    ||    10
       Ring mail         ||    24
Dodge: Dodged            ||    63
